 Dungeon Crawl Stone Soup version 0.18.1-47-g9310371 (webtiles) character file.

82 Kisielow the Conjurer (level 4, -1/24 HPs)
             Began as a Deep Elf Conjurer on June 21, 2016.
             Was an Initiate of Vehumet.
             Slain by a gnoll (7 damage)
             ... on level 4 of the Dungeon.
             The game lasted 00:06:17 (2116 turns).

Kisielow the Conjurer (Deep Elf Conjurer)           Turns: 2116, Time: 00:06:18

Health: -1/24      AC:  2    Str:  6    XL:     4   Next: 21%
Magic:  4/10       EV:  7    Int: 25    God:    Vehumet [......]
Gold:   42         SH:  0    Dex: 15    Spells: 2 memorised, 6 levels left

rFire  + . .     SeeInvis .     q - +0 falchion
rCold  . . .     Gourm    .     a - +0 robe
rNeg   . . .     Faith    .     (no shield)
rPois  +         Spirit   .     (no helmet)
rElec  .         Dismiss  .     (no cloak)
rCorr  .         Reflect  .     (no gloves)
SustAt .         Harm     .     (no boots)
MR     .....                    (no amulet)
Stlth  ++........               k - ring of protection from fire
                                h - ring of poison resistance

@: brilliant, held, not resistant to hostile enchantments, unstealthy
A: no striking features
a: Renounce Religion


You were on level 4 of the Dungeon.
You worshipped Vehumet.
Vehumet was noncommittal.
You were hungry.

You visited 1 branch of the dungeon, and saw 4 of its levels.

You collected 42 gold pieces.

Inventory:

Hand Weapons
 q - a +0 falchion (weapon)
Armour
 a - a +0 robe (worn)
Jewellery
 h - a ring of poison resistance (left hand)
 i - an uncursed ring of teleportation
 k - a ring of protection from fire (right hand)
Potions
 e - 2 potions of brilliance
 j - a potion of cancellation
 l - a potion of invisibility {unknown}
 m - a potion of heal wounds
 n - 2 potions of curing {unknown}
Books
 b - a book of Conjurations

   Spells                             Type                      Level
   a - Magic Dart                     Conjuration                  1
   b - Searing Ray                    Conjuration                  2
   c - Dazzling Spray                 Conjuration/Hexes            3
   d - Fulminant Prism                Conjuration/Hexes            4
   e - Iskenderun's Mystic Blast      Conjuration                  4
   f - Iskenderun's Battlesphere      Conjuration/Charms           5
Comestibles
 c - 2 bread rations
 d - 2 fruits
 f - 3 meat rations
 g - 2 chunks of flesh


   Skills:
 - Level 2.4 Dodging
 - Level 2.4 Stealth
 - Level 3.0 Spellcasting
 + Level 6.3 Conjurations


You had 6 spell levels left.
You knew the following spells:

 Your Spells              Type           Power        Failure   Level  Hunger
a - Magic Dart            Conj           ####         1%          1    None
b - Searing Ray           Conj           ######       1%          2    ##.....


Dungeon Overview and Level Annotations

Branches:
Dungeon (4/15)
 Temple: D:4-7

Altars:
Vehumet

Annotations:
D:3 Grinder


Message History

The orc hits you.
Casting: Magic Dart
Confirm with . or Enter, or press ? or * to list all spells.
Aiming: Magic Dart
Press: ? - help, Shift-Dir - straight line, f/p - gnoll
Aim: a gnoll (moderately wounded)
The magic dart hits the gnoll.
The gnoll is moderately wounded.
The orc hits you. The gnoll hits you. The gnoll hits you with a flail.
* * * LOW HITPOINT WARNING * * *
Casting: Magic Dart
Confirm with . or Enter, or press ? or * to list all spells.
Aiming: Magic Dart
Press: ? - help, Shift-Dir - straight line, f/p - gnoll
Aim: a gnoll (moderately wounded)
The magic dart hits the gnoll.
The gnoll is severely wounded.
You are feeling hungry.
The orc closely misses you. The gnoll hits you!
You die...

#......
#.....#
#.....##+####
#............
#............
#............
#...oggg.....
#....@#
#.....#
#.....#
#......
#......
#.....>.
#.......
#.....#..


You could see 3 gnolls and an orc.

Vanquished Creatures
  2 adders
  2 dart slugs (D:1)
  3 giant geckos
  An orc (D:3)
  4 ball pythons (D:1)
  5 giant cockroaches
  A hobgoblin (D:2)
  10 jackals
  5 kobolds
  A quokka (D:3)
  3 bats
  4 giant newts
  9 goblins
  A rat (D:3)
51 creatures vanquished.

Notes
Turn   | Place    | Note
--------------------------------------------------------------
     0 | D:1      | Kisielow the Deep Elf Conjurer began the quest for the Orb.
     0 | D:1      | Reached XP level 1. HP: 10/10 MP: 6/6
   294 | D:1      | Reached XP level 2. HP: 15/15 MP: 5/8
   307 | D:1      | Learned a level 2 spell: Searing Ray
   384 | D:1      | Reached skill level 5 in Conjurations
  1024 | D:1      | Reached XP level 3. HP: 19/19 MP: 5/9
  1341 | D:2      | Found a radiant altar of Vehumet.
  1354 | D:2      | Became a worshipper of Vehumet
  1817 | D:3      | Reached skill level 6 in Conjurations
  1982 | D:3      | Reached XP level 4. HP: 20/24 MP: 6/10
  2096 | D:3      | Noticed Grinder
  2116 | D:4      | Slain by a gnoll

Skill      XL: |  1  2  3 |
---------------+----------+-----
Conjurations   | 5 6 |  6.3
Dodging        | |  2.4
Stealth        | |  2.4
Spellcasting   | |  3.0

Action                   |  1- 3 |  4- 6 || total
-------------------------+-------+-------++-------
Melee: Falchion          |     3 |       ||     3
 Cast: Magic Dart        |    88 |    17 ||   105
       Searing Ray       |     1 |       ||     1
  Use: Scroll            |     7 |       ||     7
       Potion            |       |     1 ||     1
  Eat: Chunk             |     3 |       ||     3
Armor: Robe              |     8 |       ||     8
Dodge: Dodged            |    22 |     4 ||    26
